General information
- name: BNet
- type: Ladder team game (AT/RT)
- host: Battle.net
- saver: sc2no.wc4yes
map: MarketSquare
- players: 8
- length: 16:23
- speed: Fast
- version: 1.24 W3XP
- replay type: Public
» download(101 KB)
Players
team 1 (winner)
Raven999 (
yellow | 48 APM | 788 actions | 16:22)
5 Blood Mage
3 Flame Strike
2 Siphon Mana
» actions
| Basic commands | 12 | |
| Build / train | 45 | |
| Enter build submenu | 21 | |
| Enter hero's abilities submenu | 5 | |
| Right click | 432 | |
| Select / deselect | 230 | |
| Use ability | 43 | |
788 total
» units
| Peasant | 8 | |
| Rifleman | 5 | |
| Spell Breaker | 2 | |
| Priest | 2 | |
| Flying Machine | 3 | |
| Sorceress | 4 | |
24 total
» upgrades
| Long Rifles | 1 | |
| Gunpowder | 1 | |
| Armor | 1 | |
| Control Magic | 1 | |
| Priest Training | 1 | |
| Flak Cannons | 1 | |
| Plating | 1 | |
| Flying Machine Bombs | 1 | |
| Sorceress Training | 1 | |
| Lumber Harvesting | 1 | |
| Masonry | 1 | |
11 total
» buildings
| Altar of Kings | 1 | |
| Farm | 7 | |
| Blacksmith | 1 | |
| Barracks | 1 | |
| Scout Tower | 1 | |
| Arcane Vault | 1 | |
| Arcane Tower | 1 | |
| Keep | 1 | |
| Arcane Sanctum | 2 | |
| Castle | 1 | |
| Lumber Mill | 1 | |
| Workshop | 2 | |
| Town Hall | 1 | |
| Gryphon Aviary | 2 | |
23 total
» build order
00:08 Altar of Kings
00:14 Farm
00:55 Blacksmith
01:26 Barracks
01:38 Farm
01:57 Farm
02:02 Scout Tower
02:16 Arcane Vault
03:58 Arcane Tower
04:53 Keep
05:22 Farm
06:25 Farm
07:21 Arcane Sanctum
07:22 Castle
08:47 Lumber Mill
09:07 Workshop
11:43 Workshop
13:20 Farm
14:24 Farm
14:52 Arcane Sanctum
15:28 Town Hall
15:49 Gryphon Aviary
15:56 Gryphon Aviary
» items
EthiopianMobsta (
pink | 40 APM | 649 actions | 16:22)
3 Far Seer
2 Feral Spirit
1 Chain Lighting
» actions
| Assign group hotkey | 8 | |
| Basic commands | 14 | |
| Build / train | 47 | |
| Enter build submenu | 18 | |
| Enter hero's abilities submenu | 3 | |
| Remove unit from queue | 1 | |
| Right click | 283 | |
| Select / deselect | 228 | |
| Select group hotkey | 9 | |
| Use ability | 38 | |
649 total
» units
» upgrades
| Armor | 1 | |
| Spiked Barricades | 1 | |
| Ranged Weapons | 1 | |
3 total
» buildings
| Altar of Storms | 1 | |
| Orc Burrow | 6 | |
| Barracks | 1 | |
| Stronghold | 1 | |
| War Mill | 1 | |
| Watch Tower | 4 | |
| Voodoo Lounge | 1 | |
| Beastiary | 3 | |
18 total
» build order
00:07 Altar of Storms
00:18 Orc Burrow
00:53 Barracks
02:20 Stronghold
02:22 War Mill
03:41 Watch Tower
03:59 Orc Burrow
04:30 Voodoo Lounge
05:01 Beastiary
05:59 Orc Burrow
06:02 Beastiary
06:26 Orc Burrow
07:12 Orc Burrow
07:15 Beastiary
07:32 Watch Tower
08:07 Watch Tower
08:20 Orc Burrow
10:10 Watch Tower
» items
| Healing Salve | 2 | |
| Potion of Healing | 1 | |
3 total

»
sc2no.wc4yes (
purple | 77 APM | 1264 actions | 16:23)
7 Blademaster
3 Wind Walk
3 Critical Strike
1 Bladestorm
» actions
| Assign group hotkey | 56 | |
| Basic commands | 4 | |
| Build / train | 52 | |
| ESC pressed | 1 | |
| Enter build submenu | 15 | |
| Enter hero's abilities submenu | 7 | |
| Give item / drop item | 1 | |
| Right click | 682 | |
| Select / deselect | 66 | |
| Select group hotkey | 263 | |
| Use ability | 117 | |
1264 total
» units
» upgrades
| Ranged Weapons | 3 | |
| Liquid Fire | 1 | |
| Reinforced Defenses | 1 | |
| Armor | 2 | |
7 total
» buildings
| Altar of Storms | 1 | |
| Orc Burrow | 6 | |
| Voodoo Lounge | 1 | |
| Stronghold | 3 | |
| War Mill | 1 | |
| Fortress | 2 | |
| Beastiary | 4 | |
| Watch Tower | 2 | |
20 total
» build order
00:07 Altar of Storms
00:10 Orc Burrow
01:00 Voodoo Lounge
02:34 Stronghold
02:34 Stronghold
03:25 War Mill
03:27 Orc Burrow
05:02 Fortress
05:05 Beastiary
05:08 Beastiary
05:12 Beastiary
05:14 Beastiary
05:17 Orc Burrow
05:29 Orc Burrow
10:36 Orc Burrow
10:36 Orc Burrow
12:40 Watch Tower
12:40 Watch Tower
» items
| Lesser Clarity Potion | 3 | |
| Healing Salve | 2 | |
| Boots of Speed | 1 | |
| Circlet of Nobility | 1 | |
7 total
myrmidons (
blue | 34 APM | 564 actions | 16:22)
4 Demon Hunter
2 Immolation
1 Evasion
1 Mana Burn
4 Dark Ranger
2 Black Arrow
1 Silence
1 Life Drain
2 Warden
1 Fan of Knives
1 Shadow Strike
» actions
| Build / train | 49 | |
| Enter build submenu | 11 | |
| Enter hero's abilities submenu | 10 | |
| Right click | 278 | |
| Select / deselect | 166 | |
| Use ability | 50 | |
564 total
» units
| Wisp | 16 | |
| Dryad | 4 | |
| Druid of the Claw | 2 | |
22 total
» upgrades
| Strength of the Wild | 2 | |
| Reinforced Hides | 1 | |
| Abolish Magic | 1 | |
| Druid of the Claw Training | 2 | |
| Mark of the Claw | 1 | |
7 total
» buildings
| Altar of Elders | 1 | |
| Moon Well | 6 | |
| Tree of Ages | 3 | |
| Hunter's Hall | 1 | |
| Ancient of Lore | 3 | |
| Tree of Eternity | 1 | |
15 total
» build order
00:11 Altar of Elders
00:17 Moon Well
01:20 Moon Well
01:26 Moon Well
02:27 Tree of Ages
02:28 Tree of Ages
02:32 Moon Well
02:51 Hunter's Hall
05:01 Ancient of Lore
05:04 Ancient of Lore
05:06 Ancient of Lore
05:51 Tree of Eternity
08:51 Moon Well
08:53 Moon Well
team 2 (loser)

»
Gh0sT261 (
orange | 41 APM | 550 actions | 13:33)
3 Demon Hunter
2 Immolation
1 Evasion
» actions
| Build / train | 33 | |
| Enter build submenu | 15 | |
| Enter hero's abilities submenu | 3 | |
| Remove unit from queue | 3 | |
| Right click | 287 | |
| Select / deselect | 166 | |
| Use ability | 43 | |
550 total
» units
| Wisp | 12 | |
| Archer | 3 | |
| Huntress | 3 | |
| Chimaera | 2 | |
20 total
» upgrades
» buildings
| Moon Well | 6 | |
| Altar of Elders | 1 | |
| Ancient of War | 1 | |
| Hunter's Hall | 1 | |
| Tree of Ages | 1 | |
| Ancient of Wonders | 1 | |
| Tree of Eternity | 1 | |
| Ancient of Wind | 1 | |
| Chimaera Roost | 2 | |
15 total
» build order
00:27 Moon Well
00:42 Altar of Elders
00:52 Ancient of War
01:49 Moon Well
02:40 Moon Well
02:46 Hunter's Hall
03:22 Tree of Ages
04:13 Ancient of Wonders
05:45 Tree of Eternity
05:51 Ancient of Wind
08:20 Chimaera Roost
08:23 Chimaera Roost
08:30 Moon Well
08:32 Moon Well
08:35 Moon Well
» items
| Circlet of Nobility | 1 | |
| Boots of Speed | 1 | |
2 total
zebub (
teal | 34 APM | 515 actions | 15:18)
3 Pit Lord
2 Howl of Terror
1 Cleaving Attack
1 Death Knight
1 Death Coil
» actions
| Assign group hotkey | 6 | |
| Basic commands | 6 | |
| Build / train | 35 | |
| Enter build submenu | 17 | |
| Enter hero's abilities submenu | 4 | |
| Right click | 201 | |
| Select / deselect | 185 | |
| Select group hotkey | 28 | |
| Use ability | 33 | |
515 total
» units
| Acolyte | 7 | |
| Ghoul | 3 | |
| Crypt Fiend | 11 | |
| Obsidian Statue | 1 | |
22 total
» upgrades
| Creature Attack | 1 | |
| Creature Carapace | 1 | |
2 total
» buildings
| Ziggurat | 8 | |
| Crypt | 1 | |
| Altar of Darkness | 1 | |
| Graveyard | 1 | |
| Nerubian Tower | 2 | |
| Halls of the Dead | 1 | |
| Black Citadel | 1 | |
| Slaughterhouse | 1 | |
| Tomb of Relics | 1 | |
| Sacrificial Pit | 1 | |
| Spirit Tower | 1 | |
| Boneyard | 2 | |
21 total
» build order
00:09 Ziggurat
00:14 Crypt
00:43 Altar of Darkness
01:03 Graveyard
01:31 Ziggurat
02:39 Ziggurat
04:52 Ziggurat
04:54 Nerubian Tower
06:48 Halls of the Dead
08:27 Ziggurat
08:29 Ziggurat
08:32 Ziggurat
08:35 Ziggurat
09:33 Nerubian Tower
09:34 Black Citadel
09:44 Slaughterhouse
09:49 Tomb of Relics
09:54 Sacrificial Pit
13:23 Spirit Tower
14:38 Boneyard
14:40 Boneyard
srakaorc (
green | 46 APM | 746 actions | 16:22)
2 Far Seer
1 Feral Spirit
1 Chain Lighting
» actions
| Assign group hotkey | 6 | |
| Basic commands | 38 | |
| Build / train | 37 | |
| Enter build submenu | 14 | |
| Enter hero's abilities submenu | 2 | |
| Remove unit from queue | 1 | |
| Right click | 341 | |
| Select / deselect | 188 | |
| Select group hotkey | 73 | |
| Use ability | 46 | |
746 total
» units
| Peon | 6 | |
| Grunt | 7 | |
| Tauren | 5 | |
| Demolisher | 2 | |
20 total
» upgrades
| Melee Weapons | 2 | |
| Spiked Barricades | 1 | |
| Armor | 1 | |
| Reinforced Defenses | 1 | |
5 total
» buildings
| War Mill | 1 | |
| Orc Burrow | 3 | |
| Altar of Storms | 1 | |
| Barracks | 1 | |
| Stronghold | 1 | |
| Watch Tower | 5 | |
| Fortress | 1 | |
| Voodoo Lounge | 1 | |
| Tauren Totem | 2 | |
16 total
» build order
00:06 War Mill
00:09 Orc Burrow
00:19 Altar of Storms
01:22 Barracks
02:50 Stronghold
03:05 Orc Burrow
03:58 Watch Tower
04:59 Watch Tower
05:40 Fortress
07:01 Voodoo Lounge
08:20 Tauren Totem
09:34 Orc Burrow
12:16 Watch Tower
12:31 Tauren Totem
15:01 Watch Tower
15:18 Watch Tower
» items
| Healing Salve | 2 | |
| Scroll of Speed | 2 | |
| Potion of Healing | 2 | |
6 total
why_so_homo (
red | 29 APM | 447 actions | 15:14)
2 Crypt Lord
1 Carrion Beetles
1 Spiked Carapace
» actions
| Assign group hotkey | 14 | |
| Basic commands | 16 | |
| Build / train | 42 | |
| Enter build submenu | 19 | |
| Enter hero's abilities submenu | 2 | |
| Right click | 94 | |
| Select / deselect | 132 | |
| Select group hotkey | 103 | |
| Use ability | 25 | |
447 total
» units
| Acolyte | 16 | |
| Ghoul | 4 | |
| Crypt Fiend | 2 | |
| Frost Wyrm | 2 | |
24 total
» upgrades
| Creature Attack | 1 | |
| Web | 1 | |
| Burrow | 1 | |
3 total
» buildings
| Graveyard | 1 | |
| Altar of Darkness | 1 | |
| Ziggurat | 9 | |
| Crypt | 1 | |
| Tomb of Relics | 2 | |
| Spirit Tower | 4 | |
| Nerubian Tower | 4 | |
| Halls of the Dead | 1 | |
| Necropolis | 1 | |
| Black Citadel | 1 | |
| Sacrificial Pit | 1 | |
| Boneyard | 2 | |
28 total
» build order
00:06 Graveyard
00:10 Altar of Darkness
00:51 Ziggurat
01:29 Crypt
01:48 Ziggurat
01:51 Tomb of Relics
01:57 Spirit Tower
02:53 Nerubian Tower
04:04 Ziggurat
05:31 Halls of the Dead
06:55 Necropolis
07:20 Ziggurat
07:23 Ziggurat
07:25 Ziggurat
07:28 Ziggurat
07:31 Ziggurat
07:35 Tomb of Relics
08:16 Spirit Tower
08:19 Nerubian Tower
08:33 Nerubian Tower
08:38 Nerubian Tower
09:20 Black Citadel
09:33 Sacrificial Pit
10:47 Spirit Tower
11:59 Boneyard
12:31 Boneyard
12:35 Ziggurat
14:32 Spirit Tower
» items
| Rod of Necromancy | 1 | |
| Dust of Appearance | 1 | |
2 total
Chat log
(00:20 / All) why_so_homo: ive seen some truly faget shit in my day
(00:23 / All) why_so_homo: like today
(00:26 / All) why_so_homo: i hope this game is playable
(00:32 / All) EthiopianMobsta: fuck you u say that every game
(00:34 / All) sc2no.wc4yes: heres to a game with no death knights and no fiends
(00:34 / All) why_so_homo: im not building dk if thats what ur asking
(00:48 / All) why_so_homo: fiends deal with ur faget ass when u spam air
(00:53 / All) sc2no.wc4yes: get mad more
(00:56 / All) sc2no.wc4yes: its a game
(01:00 / All) why_so_homo: yea faget im totally mad at u
(01:05 / All) why_so_homo: not the 235322 other fucken homoz
(01:05 / All) sc2no.wc4yes: not at me maybe
(01:07 / All) sc2no.wc4yes: u seem pretty mad
(01:11 / All) why_so_homo: im totally mad at you
(01:19 / All) why_so_homo: the other cocksucks didnt already use up my anger
(01:43 / All) why_so_homo: each of u faget fucks runs around saying u mad and u already used up all the mad
(01:56 / All) sc2no.wc4yes: can anyone recommends some good sci fi movies?
(01:59 / All) sc2no.wc4yes: like blade runner
(02:05 / All) why_so_homo: you should run around saying you being fagetted?
(02:09 / All) Gh0sT261: SUK MY DICK IS ONE
(02:11 / All) why_so_homo: yo bro you being faggetted?
(02:20 / All) why_so_homo: why yes i am good sir
(02:25 / All) why_so_homo: spot on
(02:32 / All) why_so_homo: thats ur new internet fad
(02:36 / All) why_so_homo: tell all ur faget friends
(03:01 / All) why_so_homo: how much mad did u really think was in people
(03:05 / All) why_so_homo: until you used it all
(03:31 / All) why_so_homo: theres an awful lot of fagets it wasnt going to last very long
(03:52 / All) Gh0sT261: nnob
(03:54 / All) Gh0sT261: noob
(06:01 / All) why_so_homo: see like this faget
(06:11 / All) why_so_homo: hes crept all the creeps and now hes putting his cock in my expo
(06:35 / All) why_so_homo: when hes done he just runs his faget ass away
(06:46 / All) why_so_homo: how do u think people still have mad left in them
(07:07 / Allies) sc2no.wc4yes: dopnt fight creeps
(07:09 / Allies) sc2no.wc4yes: with him there
(07:11 / Allies) sc2no.wc4yes: uc an only tyarget him
(07:12 / Allies) sc2no.wc4yes: or get raped
(07:15 / Allies) sc2no.wc4yes: undrstand?
(07:17 / Allies) sc2no.wc4yes: target him
(07:18 / Allies) sc2no.wc4yes: nto creeps
(08:52 / All) why_so_homo: hold on now that cocksmokers popping shit
(08:54 / Allies) sc2no.wc4yes: take that out
(08:54 / Allies) sc2no.wc4yes: fast
(09:02 / Allies) sc2no.wc4yes: before twoers are done
(09:03 / Allies) sc2no.wc4yes: take it out
(09:04 / All) why_so_homo: kill the bm or his faget ass tks
(09:06 / All) why_so_homo: so tk dog
(09:17 / All) why_so_homo: im not dealing with ur shit AND that fagets shit
(09:25 / All) why_so_homo: go fuck yourself
(09:28 / All) why_so_homo: fucken faget
(09:29 / Allies) sc2no.wc4yes: dont go there
(09:30 / Allies) sc2no.wc4yes: no
(09:30 / Allies) sc2no.wc4yes: back
(09:53 / All) why_so_homo: pick which faget u want me to take shit from u or them
(10:08 / All) sc2no.wc4yes: ive never seen anyone so full of rage
(10:21 / All) why_so_homo: hold on
(10:24 / All) why_so_homo: zebub type ur homo shit to all dog
(10:33 / All) why_so_homo: the other fagets want to know what theyre up against
(10:43 / All) EthiopianMobsta: stfu
(10:52 / All) why_so_homo: hold on
(10:54 / All) EthiopianMobsta: youve got a baby dick
(11:00 / All) why_so_homo: Now that ethiopian fag started
(11:10 / All) why_so_homo: oh he already decided hes not getting this cock so hes going to call it ____
(11:13 / All) why_so_homo: you called it small ok
(11:19 / All) why_so_homo: so ethiopian fags out of the running
(11:33 / All) why_so_homo: so what now
(11:42 / All) why_so_homo: either u or the bm faget i have to deal with until the end of the g
(12:00 / All) sc2no.wc4yes: Det them all please
(12:13 / All) sc2no.wc4yes: good
(12:23 / All) why_so_homo: those cocksmokers are better at the game than u so i think fag rules thyre the alphas
(12:48 / All) why_so_homo: here comes the faget with the bats
(12:55 / All) why_so_homo: the games over type your final faget shits
(13:17 / All) why_so_homo: two of those cocksucks hvae bats theyre just going to scan ur bases
(13:27 / All) why_so_homo: think of some more faget shit to say u dont have a lot of time
(13:40 / All) why_so_homo: zebub
(14:02 / All) why_so_homo: zebub u ok dude
(14:11 / All) why_so_homo: u havent said any faget shit for over 5 minutes
(14:39 / All) why_so_homo: yea ur going to type ur final faget shit and new game
(14:50 / All) zebub: lol red
(14:58 / All) zebub: u victim of hardor anal sex
(15:03 / All) why_so_homo: that was it that was ur final faget
(15:07 / All) why_so_homo: ok i thought it was just lol red
(15:11 / All) why_so_homo: i was almost disappointed dog